 Dungeon Crawl Stone Soup version 0.22-a0-280-g69bf1f3 (webtiles) character file.

133 tsouns the Chiller (level 5, -2/37 HPs)
             Began as a Gnoll Ice Elementalist on Mar 16, 2018.
             Was an Initiate of Gozag.
             Blown up by Ijyb (16 damage)
             ... with a wand of disintegration (12)
             ... on level 3 of the Dungeon.
             The game lasted 00:06:11 (1600 turns).

tsouns the Chiller (Gnoll Ice Elementalist)         Turns: 1600, Time: 00:06:12

Health: -2/37      AC:  3    Str: 10    XL:     5   Next: 16%
Magic:  10/12      EV: 15    Int: 19    God:    Gozag
Gold:   124        SH:  0    Dex: 15    Spells: 0/14 levels left

rFire    . . .     SeeInvis .   t - +1 flail (crush)
rCold    . . .     Gourm    .   (no shield)
rNeg     . . .     Faith    .   a - +0 robe
rPois    .         Spirit   .   (no helmet)
rElec    .         Reflect  .   (no cloak)
rCorr    .         Harm     .   e - +0 pair of gloves
MR       .....                  (no boots)
Stlth    +++.......             (no amulet)
HPRegen  0.12/turn              (no ring)
MPRegen  0.13/turn              (no ring)

@: no status effects
A: distributed training, fangs 1, strong nose
a: Potion Petition, Call Merchant, Bribe Branch, Renounce Religion


You were on level 3 of the Dungeon.
You worshipped Gozag.
Gozag was aware of your devotion.
You were not hungry.

You visited 1 branch of the dungeon, and saw 3 of its levels.

You collected 180 gold pieces.
You paid 56 gold pieces to Gozag.

Inventory:

Hand Weapons
 g - a +0 hand axe
 t - a +1 flail of crushing (weapon)
Missiles
 l - 110 stones (quivered)
 s - 7 poisoned javelins
Armour
 a - a +0 robe (worn)
 e - a +0 pair of gloves (worn)
Scrolls
 d - 2 scrolls of fear {unknown}
 f - a scroll of noise {unknown}
 h - 3 scrolls of identify {unknown}
 m - a scroll of remove curse {unknown}
 o - a scroll of enchant weapon {unknown}
 q - 5 scrolls of teleportation {unknown}
 u - a scroll of magic mapping {unknown}
 v - a scroll of immolation {unknown}
Potions
 b - 2 potions of magic {unknown}
 i - a potion of degeneration {unknown}
 k - 3 potions of flight {unknown}
 n - a potion of invisibility {unknown}
 p - 2 potions of mutation {unknown}
 r - a potion of curing {unknown}
 w - a potion of might {unknown}
Comestibles
 c - 4 rations


   Skills:
 + Level 1.3 Fighting
 + Level 1.3 Short Blades
 + Level 1.3 Long Blades
 + Level 1.3 Axes
 + Level 1.3 Maces & Flails
 + Level 1.3 Polearms
 + Level 1.3 Staves
 + Level 1.3 Slings
 + Level 1.3 Bows
 + Level 1.3 Crossbows
 + Level 1.3 Throwing
 + Level 1.3 Armour
 + Level 4.7 Dodging
 + Level 4.3 Stealth
 + Level 1.3 Shields
 + Level 1.3 Unarmed Combat
 + Level 5.1 Spellcasting
 + Level 2.3 Conjurations
 + Level 1.1 Hexes
 + Level 1.1 Charms
 + Level 1.1 Summonings
 + Level 1.1 Necromancy
 + Level 1.1 Translocations
 + Level 1.1 Transmutations
 + Level 1.1 Fire Magic
 + Level 5.5 Ice Magic
 + Level 1.1 Air Magic
 + Level 1.1 Earth Magic
 + Level 1.1 Poison Magic
 + Level 1.5 Invocations
 + Level 1.3 Evocations


You couldn't memorise any spells.
You knew the following spells:

 Your Spells              Type           Power        Failure   Level  Hunger
a - Freeze                Ice            ####         1%          1    None
b - Throw Frost           Conj/Ice       ###...       3%          2    #......
c - Ozocubu's Armour      Chrm/Ice       ###.....     10%         3    ##.....
d - Throw Icicle          Conj/Ice       ###.....     24%         4    ####...
e - Summon Ice Beast      Ice/Summ       ###.....     30%         4    ####...


Dungeon Overview and Level Annotations

Branches:
Dungeon (3/15)

Altars:
Gozag

Annotations:
D:3 Ijyb; ThereIsNoGod's ghost, weakling SpVM


Innate Abilities, Weirdness & Mutations

Your experience applies equally to all skills.
You have very sharp teeth.
Your uncanny sense of smell can sniff out nearby items.


Message History

You can't see any susceptible monsters within range! (Use Z to cast anyway.) Ijyb zaps a wand.
You are blasted!
Casting: Freeze (safe; 1% risk of failure)
Confirm with . or Enter, or press ? or * to list all spells.
Aiming: Freeze (safe; 1% risk of failure)
Press: ? - help, Shift-Dir - straight line, f - Ijyb
Aim: Ijyb, wielding a dagger, wearing a ring mail and carrying a wand of disintegration (13)
You freeze Ijyb.
Ijyb is moderately wounded.
Ijyb zaps a wand.
You are blasted!
Casting: Freeze (safe; 1% risk of failure)
Confirm with . or Enter, or press ? or * to list all spells.
Aiming: Freeze (safe; 1% risk of failure)
Press: ? - help, Shift-Dir - straight line, f/p - Ijyb
Aim: Ijyb, wielding a dagger, wearing a ring mail and carrying a wand of disintegration (12) (moderately wounded)
You freeze Ijyb.
Ijyb is almost dead.
Ijyb grins evilly.
Ijyb zaps a wand.
You are blasted!
You die...

###### ###
.....∆ ..# $
#..####.#
###.......#
#.##......##.#
#.....g.#.##.#
#@.....#
#.####.#
#.####.#
#......#
#.#####....###
#.......#..#
#.#.|...#
#.#.#...#
#.#.....#


You could see Ijyb.

Vanquished Creatures
  2 adders (D:2)
  3 gnolls (D:2)
  An ooze (D:2)
  2 worms (D:2)
  4 dart slugs
  4 orcs (D:3)
  14 giant cockroaches
  4 goblins
  4 hobgoblins
  7 bats
  3 frilled lizards
  10 kobolds
  6 rats
64 creatures vanquished.

Notes
Turn   | Place    | Note
-------+----------+-------------------------------------------
     0 | D:1      | tsouns the Gnoll Ice Elementalist began the quest for the Orb.
     0 | D:1      | Reached XP level 1. HP: 13/13 MP: 6/6
    68 | D:1      | Reached XP level 2. HP: 19/19 MP: 3/7
   327 | D:1      | Reached XP level 3. HP: 23/25 MP: 7/9
   354 | D:2      | Learned a level 2 spell: Throw Frost
   358 | D:2      | Learned a level 3 spell: Ozocubu's Armour
   376 | D:2      | Reached skill level 5 in Spellcasting
   480 | D:2      | Reached skill level 1 in Invocations
   682 | D:2      | Reached skill level 1 in Fighting
   682 | D:2      | Reached skill level 1 in Short Blades
   682 | D:2      | Reached skill level 1 in Long Blades
   682 | D:2      | Reached skill level 1 in Axes
   682 | D:2      | Reached skill level 1 in Maces & Flails
   682 | D:2      | Reached skill level 1 in Polearms
   682 | D:2      | Reached skill level 1 in Staves
   682 | D:2      | Reached skill level 1 in Slings
   682 | D:2      | Reached skill level 1 in Bows
   682 | D:2      | Reached skill level 1 in Crossbows
   682 | D:2      | Reached skill level 1 in Throwing
   682 | D:2      | Reached skill level 1 in Armour
   682 | D:2      | Reached skill level 1 in Shields
   682 | D:2      | Reached skill level 1 in Unarmed Combat
   682 | D:2      | Reached skill level 1 in Evocations
   761 | D:2      | Reached XP level 4. HP: 32/32 MP: 3/11
   938 | D:2      | Reached skill level 1 in Hexes
   938 | D:2      | Reached skill level 1 in Charms
   938 | D:2      | Reached skill level 1 in Summonings
   938 | D:2      | Reached skill level 1 in Necromancy
   938 | D:2      | Reached skill level 1 in Translocations
   938 | D:2      | Reached skill level 1 in Transmutations
   938 | D:2      | Reached skill level 1 in Fire Magic
   938 | D:2      | Reached skill level 1 in Air Magic
   938 | D:2      | Reached skill level 1 in Earth Magic
   938 | D:2      | Reached skill level 1 in Poison Magic
   987 | D:2      | Reached XP level 5. HP: 33/37 MP: 5/12
  1287 | D:2      | Learned a level 4 spell: Throw Icicle
  1292 | D:2      | Learned a level 4 spell: Summon Ice Beast
  1322 | D:3      | Found an opulent altar of Gozag.
  1333 | D:3      | Became a worshipper of Gozag Ym Sagoz the Greedy
  1404 | D:3      | Noticed ThereIsNoGod's ghost (weakling SpVM)
  1593 | D:3      | Noticed Ijyb
  1600 | D:3      | Blown up by Ijyb

Vault maps used:
D:1:      tarquinn_simple_flora_water_e, minmay_pentomino_r4
D:2:      minmay_roachtagon, minivault_19
D:3:      grunt_gozag_breadcrumbs, first_ration, minmay_box_of_dots, uniq_ijyb

Skill      XL: |  1  2  3  4 |
---------------+-------------+-----
Conjurations   | 2 |  2.3
Spellcasting   | 5 |  5.1
Invocations    | 1 |  1.5
Fighting       | 1 |  1.3
Short Blades   | 1 |  1.3
Long Blades    | 1 |  1.3
Axes           | 1 |  1.3
Maces & Flails | 1 |  1.3
Polearms       | 1 |  1.3
Staves         | 1 |  1.3
Slings         | 1 |  1.3
Bows           | 1 |  1.3
Crossbows      | 1 |  1.3
Throwing       | 1 |  1.3
Armour         | 1 |  1.3
Shields        | 1 |  1.3
Unarmed Combat | 1 |  1.3
Evocations     | 1 |  1.3
Hexes          | 1 |  1.1
Charms         | 1 |  1.1
Summonings     | 1 |  1.1
Necromancy     | 1 |  1.1
Translocations | 1 |  1.1
Transmutations | 1 |  1.1
Fire Magic     | 1 |  1.1
Air Magic      | 1 |  1.1
Earth Magic    | 1 |  1.1
Poison Magic   | 1 |  1.1
Dodging        | |  4.7
Stealth        | |  4.3
Ice Magic      | |  5.5

Action                   |  1- 3 |  4- 6 || total
-------------------------+-------+-------++-------
Melee: Hand axe          |    19 |     6 ||    25
       Bite              |     1 |     1 ||     2
       Flail             |       |     6 ||     6
 Cast: Freeze            |    43 |    45 ||    88
       Throw Frost       |     2 |     1 ||     3
 Stab: Sleeping          |     1 |     2 ||     3
  Eat: Chunk             |       |     2 ||     2
Armor: Robe              |    16 |     5 ||    21
Dodge: Dodged            |    52 |    35 ||    87

Table legend:
 A = Spawn XP
 B = Non-spawn XP
 C = Spawn XP percentage of total XP
 D = Spawn monster count
 E = Non-spawn monster count
 F = Spawn count percentage of total count
 G = Total turns spent on level
                    A         B        C        D         E        F      G
               +---------+---------+-------+---------+---------+-------+---------
         Total |       0 |     191 |   0.0 |       0 |      64 |   0.0 |  1600
               +---------+---------+-------+---------+---------+-------+---------
           D:1 |       0 |      35 |   0.0 |       0 |      19 |   0.0 |   347
           D:2 |       0 |     143 |   0.0 |       0 |      40 |   0.0 |  1025
           D:3 |       0 |      13 |   0.0 |       0 |       5 |   0.0 |   228
               +---------+---------+-------+---------+---------+-------+---------
